 Dungeon Crawl Stone Soup version 0.27.1 (webtiles) character file.

Game seed: 2568180469610765286

2710 nxtlvl the Grappler (level 9, -11/79 (80) HPs)
             Began as a Troll Abyssal Knight on Sept 4, 2021.
             Was a Believer of Lugonu.
             Mangled by a two-headed ogre (29 damage)
             ... on level 9 of the Dungeon.
             The game lasted 00:11:38 (1607 turns).

nxtlvl the Grappler (Troll Abyssal Knight)          Turns: 1607, Time: 00:11:39

HP:   -11/79 (80)   AC:  4    Str: 22    XL:     9   Next: 39%
MP:   9/9           EV:  9    Int: 11    God:    Lugonu [**....]
Gold: 112           SH:  0    Dex:  9    Spells: 8/8 levels left

rFire    . . .     SeeInvis .     - Unarmed
rCold    . . .     Faith    .   (no shield)
rNeg     . . .     Spirit   .   a - +0 robe
rPois    .         Reflect  .   (helmet restricted)
rElec    .         Harm     .   (no cloak)
rCorr    .         Rampage  .   (gloves unavailable)
Will     .....                  (boots unavailable)
Stlth    +.........             (no amulet)
HPRegen  1.23/turn              (no ring)
MPRegen  0.11/turn              (no ring)

@: lightly drained
A: large, unfitting armour, claws 3, regeneration 1, shaggy fur 1, tough skin 1
a: Renounce Religion, Depart the Abyss, Bend Space


You were on level 9 of the Dungeon.
You worshipped Lugonu.
Lugonu was pleased with you.
You visited 1 branch of the dungeon, and saw 9 of its levels.
You visited the Abyss 1 time.

You collected 213 gold pieces.
You spent 101 gold pieces at shops.

Inventory:

Hand Weapons
 g - a +0 hunting sling
Missiles
 d - 15 poisoned darts (quivered)
Armour
 a - a +0 robe (worn)
Wands
 k - a wand of acid (9)
Scrolls
 h - a scroll of immolation {unknown}
 n - a scroll of torment {unknown}
 o - a scroll of magic mapping {unknown}
 p - a scroll of vulnerability {unknown}
 r - a scroll of enchant armour {unknown}
 s - a scroll of enchant weapon {unknown}
Potions
 c - a potion of heal wounds
 e - 2 potions of brilliance {unknown}
 f - a potion of flight
 i - 2 potions of invisibility {unknown}
 j - 2 potions of lignification {unknown}
 l - a potion of attraction {unknown}
 m - 2 potions of curing {unknown}
 q - a potion of degeneration {unknown}


   Skills:
 + Level 2.8 Fighting
 - Level 1.9 Dodging
 * Level 12.4 Unarmed Combat
 + Level 2.2 Invocations


You had 8 spell levels left.
You didn't know any spells.
Your spell library contained the following spells:

 Spells                   Type           Power      Damage    Failure   Level
 Apportation              Tloc           0%         N/A       34%         1
 Magic Dart               Conj           0%         1d3       34%         1
 Searing Ray              Conj           0%         3d3       47%         2
 Slow                     Hex            0%         N/A       47%         2
 Confusing Touch          Hex            0%         N/A       71%         3
 Stone Arrow              Conj/Erth      0%         3d7       71%         3
 Vampiric Draining        Necr           0%         2d6       71%         3
 Animate Armour           Summ/Erth      0%         N/A       98%         4
 Fulminant Prism          Conj/Hex       0%         3d6       98%         4
 Alistair's Intoxication  Tmut/Pois      0%         N/A       100%        5
 Invisibility             Hex            0%         N/A       100%        6
 Lehudib's Crystal Spear  Conj/Erth      0%         10d2      100%        8
 Chain Lightning          Conj/Air       0%         N/A       100%        9
 Fire Storm               Conj/Fire      0%         5d1       100%        9


Dungeon Overview and Level Annotations

Branches:
Dungeon (9/15)             Temple (0/1) D:7
   Lair: D:8-11         Orc: D:9-12

Altars:

Shops:
D:6 *

Annotations:
D:8 Grum


Innate Abilities, Weirdness & Mutations

You are too large for most types of armour.
You have claws for hands.
Your natural rate of healing is unusually fast.
You are covered in fur. (AC +1)
You have tough skin. (AC +1)


Message History

The wight closely misses you.
You mangle the wight!!
You destroy the wight!
Lugonu accepts your kill.
You barely miss the kobold. The kobold closely misses you.
You mangle the kobold!!
You kill the kobold!
Lugonu accepts your kill.
The kobold throws a poisoned dart.
The poisoned dart barely misses you.
You scratch the kobold.
The kobold is severely wounded.
The kobold hits you but does no damage.
You mangle the kobold!!
You kill the kobold!
Lugonu accepts your kill.
You claw the kobold!
You kill the kobold!
Lugonu accepts your kill.
No target in view!
d - 15 poisoned darts (gained 9)
Items here: ( )))))) [[ †††.
Okay, then.
Found 10 gold pieces and a bubbling cyan potion.
You now have 112 gold pieces (gained 10).
Found 5 gold pieces.
j - 2 bubbling cyan potions (gained 1)
A two-headed ogre comes into view.
It is wielding a +0 giant spiked club and a +0 giant club.
The two-headed ogre shouts in stereo!
The two-headed ogre hits you with a +0 giant spiked club!
The two-headed ogre hits you with a +0 giant club!!
Found 16 gold pieces.
Okay, then.
You claw the two-headed ogre!
The two-headed ogre is moderately wounded.
The two-headed ogre hits you with a +0 giant spiked club!!
The two-headed ogre barely misses you.
The two-headed ogre hits you with a +0 giant spiked club!!
* * * LOW HITPOINT WARNING * * *
The two-headed ogre hits you with a +0 giant club!!
You die...

.. ## .# #. #.. .. ....
#.# .#..... #># .#..###
#### #.# ##....... ...#
#.# ###..#.$## ##.#
#####.####.......... #.#
#......@O........... #.#
#.###.####.#.##..#..
#.#######.###............#
.
#..........)).........#.##
####.####.###.##........#
##.###..# #.###..[..###
#...)..## ... ##.#.##
#..###.# .#.#. $..... #..#
#................


You could see a two-headed ogre.

Vanquished Creatures
  Erica (D:8)
  2 wyverns
  A wraith (D:9)
  A water moccasin (D:6)
  2 sky beasts
  An ogre (D:4)
  An ice beast (D:6)
  A wolf (D:9)
  A phantom (D:6)
  A kobold brigand (D:9)
  A wyvern skeleton (D:7)
  2 killer bees (D:9)
  9 wights
  2 howler monkeys (D:7)
  A bullfrog zombie (D:4)
  A centaur zombie (D:5)
  An orc priest (D:3)
  An orc wizard (D:4)
  3 iguanas
  2 killer bee zombies
  A howler monkey skeleton (D:6)
  7 gnolls
  2 white imps (D:6)
  A worm (D:5)
  A dart slug (D:4)
  8 orcs
  A bat (D:3)
  2 endoplasms
  2 giant cockroaches
  5 goblins
  2 hobgoblins
  5 kobolds
  3 quokkas
  2 ball pythons
77 creatures vanquished.

Notes
Turn   | Place    | Note
-------+----------+-------------------------------------------
     0 | Abyss:1  | nxtlvl the Troll Abyssal Knight began the quest for the
                  | Orb.
     0 | Abyss:1  | Reached XP level 1. HP: 22/22 MP: 1/1
    55 | Abyss:1  | Noticed a thrashing horror
    58 | D:1      | Escaped the Abyss
   213 | D:2      | Reached XP level 2. HP: 24/29 MP: 2/2
   218 | D:2      | Reached skill level 3 in Unarmed Combat
   234 | D:2      | Reached XP level 3. HP: 36/36 MP: 3/3
   328 | D:3      | Reached * piety under Lugonu
   329 | D:3      | Reached skill level 4 in Unarmed Combat
   329 | D:3      | Reached XP level 4. HP: 25/44 MP: 4/4
   460 | D:4      | Reached skill level 5 in Unarmed Combat
   478 | D:4      | Noticed an ogre
   492 | D:4      | Reached XP level 5. HP: 40/50 MP: 5/5
   497 | D:4      | Killed an ogre
   498 | D:4      | Reached skill level 6 in Unarmed Combat
   501 | D:4      | Reached XP level 6. HP: 53/59 MP: 6/6
   569 | D:5      | Entered Level 5 of the Dungeon
   592 | D:5      | Noticed a wyvern
   602 | D:5      | Killed a wyvern
   603 | D:5      | Reached skill level 7 in Unarmed Combat
   806 | D:6      | Reached XP level 7. HP: 22/66 MP: 7/7
   826 | D:6      | Found Fori's Assorted Antiques.
   838 | D:6      | Reached skill level 8 in Unarmed Combat
   846 | D:6      | Bought a green potion for 19 gold pieces
   846 | D:6      | Bought a bubbling white potion for 19 gold pieces
   846 | D:6      | Bought a scroll labelled JOASAL RAFAONI for 22 gold pieces
   846 | D:6      | Bought a green potion for 19 gold pieces
   846 | D:6      | Bought a scroll labelled PYPULE KERGHOGG for 22 gold pieces
   883 | D:6      | Reached ** piety under Lugonu
   916 | D:7      | Reached skill level 9 in Unarmed Combat
   938 | D:7      | Found a staircase to the Ecumenical Temple.
  1056 | D:6      | Reached XP level 8. HP: 34/67 MP: 8/8
  1234 | D:7      | Reached skill level 10 in Unarmed Combat
  1404 | D:8      | Noticed Erica
  1420 | D:8      | Killed Erica
  1421 | D:8      | Reached skill level 11 in Unarmed Combat
  1421 | D:8      | Reached XP level 9. HP: 26/80 MP: 9/9
  1423 | D:8      | Reached skill level 12 in Unarmed Combat
  1423 | D:8      | Noticed Grum
  1580 | D:9      | Noticed a two-headed ogre
  1607 | D:9      | Mangled by a two-headed ogre

Illustrated notes

Levels and vault maps discovered:
D:1:      dpeg_arrival_rooms_a, layout_basic
D:2:      layout_basic, minmay_small_reverse_x
D:3:      layout_rooms, lemuel_old_faithful
D:4:      layout_rooms, minmay_hedge_maze, serial_bayou_ford_a,
          chequers_serial_rivers_room_a
D:5:      minmay_razor_zed, layout_basic
D:6:      layout_rooms, serial_shops, kennysheep_mini_moat,
          nicolae_lakefront_shop
D:7:      layout_basic, minmay_temple_entry_ruins
D:8:      layout_cave_pools, mainiacjoe_overflow_paths,
          eino_small_chamber_without_monster, uniq_erica, uniq_joseph,
          uniq_gastronok, uniq_grum
D:9:      layout_loops_ring

Skill      XL: |  1  2  3  4  5  6  7  8  9 |
---------------+----------------------------+-----
Unarmed Combat | 3 4 5 6 7 9 11 12 | 12.4
Invocations    | 2 |  2.2
Fighting       | |  2.8
Dodging        | |  1.9

Action                   |  1- 3 |  4- 6 |  7- 9 || total
-------------------------+-------+-------+-------++-------
Melee: Unarmed           |    36 |   105 |   130 ||   271
       Punch             |       |     2 |     4 ||     6
Throw: Dart              |     4 |       |       ||     4
Invok: Depart the Abyss  |     1 |       |       ||     1
Evoke: Wand              |       |       |     2 ||     2
  Use: Scroll            |       |       |     2 ||     2
 Stab: Sleeping          |       |     1 |       ||     1
Armor: Robe              |    14 |    29 |    22 ||    65
Dodge: Dodged            |    14 |    42 |    41 ||    97
